 Dungeon Crawl Stone Soup version 0.17-a0-1129-g5854844 (webtiles) character file.

88 nuthulu the Digger (level 4, -3/36 HPs)
             Began as a Deep Dwarf Earth Elementalist on May 24, 2015.
             Slain by a gnoll
             ... wielding a +0 spear
              (4 damage)
             ... on level 2 of the Dungeon.
             The game lasted 00:10:31 (1829 turns).

nuthulu the Digger (Deep Dwarf Earth Elementalist)  Turns: 1829, Time: 00:10:31

Health: -3/36      AC:  2    Str: 12    XL:     4   Next: 30%
Magic:  1/7        EV: 13    Int: 16    God:
Gold:   58         SH:  0    Dex: 13    Spells: 3 memorised, 1 level left

rFire  . . .     SeeInvis +     f - +0 mace
rCold  . . .     Clarity  +     b - +0 robe
rNeg   . . .     SustAt   .     (no shield)
rPois  .         Gourm    .     (no helmet)
rElec  .         Spirit   .     (no cloak)
rCorr  .         Warding  .     (no gloves)
rMut   .         Stasis   .     (no boots)
MR     .....                    g - amulet of clarity
Stlth  ++........               (no ring)
                                i - ring of see invisible

@: very slightly contaminated, non-regenerating, not resistant to hostile
enchantments, unstealthy
A: damage resistance, recharge devices, sense surroundings 1, slow healing 3
a: Device Recharging


You were on level 2 of the Dungeon.
You were not hungry.

You visited 1 branch of the dungeon, and saw 2 of its levels.

You collected 58 gold pieces.

Inventory:

Hand weapons
 f - a +0 mace (weapon)
Missiles
 a - 51 stones (quivered)
Armour
 b - a +0 robe (worn)
Jewellery
 g - an amulet of clarity (around neck)
 i - a ring of see invisible (left hand)
Magical devices
 d - a wand of heal wounds (1)
Scrolls
 h - a scroll of identify
Potions
 j - a potion of flight
Books
 c - a book of Geomancy

   Spells                             Type                      Level
   a - Sandblast                      Earth                        1
   b - Stoneskin                      Transmutation/Earth          2
   c - Passwall                       Transmutation/Earth          3
   d - Stone Arrow                    Conjuration/Earth            3
   e - Petrify                        Transmutation/Earth          4
   f - Lee's Rapid Deconstruction     Earth                        5
Comestibles
 e - a bread ration


   Skills:
 + Level 1.0 Maces & Flails
 * Level 2.9 Dodging
 + Level 2.7 Stealth
 + Level 2.3 Spellcasting
 + Level 0.8 Transmutations
 * Level 5.4 Earth Magic


You had one spell level left.
You knew the following spells:

 Your Spells              Type           Power        Failure   Level  Hunger
a - Sandblast             Erth           ###...       1%          1    #......
b - Stoneskin             Trmt/Erth      ##......     10%         2    ###....
c - Stone Arrow           Conj/Erth      ##....       21%         3    ###....


Dungeon Overview and Level Annotations

Branches:
Dungeon (2/15)

Altars:
Trog


Innate Abilities, Weirdness & Mutations

You are resistant to damage.
You can recharge devices by infusing magical energy.
You passively map a small area around you.
You do not heal naturally.


Message History

The gnoll hits you from afar with a spear!
Casting: Sandblast
Confirm with . or Enter, or press ? or * to list all spells.
Okay, then.
You hit the hound.
The hound is almost dead.
The hound bites you. The hound barely misses you.
The gnoll hits you from afar with a spear!
You barely miss the hound.
The hound is almost dead.
The hound bites you. x2
The gnoll hits you from afar with a spear!
* * * LOW HITPOINT WARNING * * *
The hound bites you.
* * * LOW HITPOINT WARNING * * *
You barely miss the hound.
The hound is almost dead.
The hound bites you but does no damage.
The gnoll hits you from afar with a spear!
You die...

..#.#.######..# #.##.###
###.#.........######.##...#
###.########.........##.#.#
....# ##'##########...# #####
##...## ##.## #### ##.....##
###.# ##.## ##....)..##
##.#.#####
#...####.........####........#
.......+......._@hg†)....###.#
#...####.........####....# #.#
##.## ##.......## #..#># #.#
#### ##.....## ##g...# #.# #
##...### #..)### #.# #
##'###.. #...# #.# ## #.#
#..g#P..#####.# .#
###.###..§§§§§......# .#
####.....#+#+#P§.#######


You could see a hound and a gnoll.

Vanquished Creatures
  A hound (D:2)
  An adder (D:2)
  An ooze (D:1)
  A worm (D:2)
  A giant gecko (D:2)
  4 goblins
  9 hobgoblins
  3 ball pythons
  5 bats
  2 giant newts (D:1)
  2 kobolds
  3 quokkas (D:2)
  4 rats
37 creatures vanquished.

Notes
Turn   | Place    | Note
--------------------------------------------------------------
     0 | D:1      | nuthulu the Deep Dwarf Earth Elementalist began the quest for the Orb.
     0 | D:1      | Reached XP level 1. HP: 15/15 MP: 3/3
   442 | D:1      | Reached XP level 2. HP: 22/22 MP: 0/4
   458 | D:1      | Learned a level 2 spell: Stoneskin
   884 | D:2      | Found a bloodstained altar of Trog.
   950 | D:2      | Reached XP level 3. HP: 25/28 MP: 1/6
   955 | D:2      | Learned a level 3 spell: Stone Arrow
  1140 | D:2      | Reached skill level 5 in Earth Magic
  1822 | D:2      | Reached skill level 1 in Maces & Flails
  1822 | D:2      | Reached XP level 4. HP: 23/36 MP: 0/7
  1828 | D:2      | HP: 1/36 [hound (1)]
  1829 | D:2      | Slain by a gnoll

Vault maps used:
D:1:      dpeg_arrival_rooms_a, glass_columns_a
D:2:      overflow_temple_1_default, cheibrodos_gnoll_hut

Action                   |  1- 3 |  4- 6 || total
-------------------------+-------+-------++-------
Melee: Mace              |    80 |     5 ||    85
 Cast: Sandblast         |    54 |     1 ||    55
       Stone Arrow       |     2 |       ||     2
       Stoneskin         |     1 |       ||     1
Evoke: Wand              |     3 |     1 ||     4
  Use: Scroll            |     5 |       ||     5
       Potion            |     4 |       ||     4
 Stab: Sleeping          |     1 |       ||     1
  Eat: Bread ration      |     1 |       ||     1
